 Dungeon Crawl Stone Soup version 0.22.1-2-g9c5b331 (webtiles) character file.

1755 empire the Carver (level 8, 0/65 (66) HPs)
             Began as a Minotaur Fighter on Nov 27, 2018.
             Slain by a sky beast (6 damage)
             ... on level 6 of the Dungeon on Nov 29, 2018.
             The game lasted 00:10:38 (5304 turns).

empire the Carver (Minotaur Fighter)                Turns: 5304, Time: 00:10:39

HP:   0/65 (66)     AC:  9    Str: 23    XL:     8   Next: 78%
MP:   7/7           EV:  9    Int:  5    God:
Gold: 227           SH:  9    Dex: 10    Spells: 7/7 levels left

rFire    . . .     SeeInvis .   a - +0 long sword
rCold    . . .     Gourm    .   c - +0 shield
rNeg     . . .     Faith    .   b - +0 scale mail
rPois    .         Spirit   .   (helmet restricted)
rElec    .         Reflect  .   l - +1 cloak
rCorr    .         Harm     .   (no gloves)
MR       .....                  (no boots)
Stlth    ..........             (no amulet)
HPRegen  0.20/turn              (no ring)
MPRegen  0.10/turn              (no ring)

@: no status effects
A: retaliatory headbutt, horns 2
a: no special abilities


You were on level 6 of the Dungeon.
You were not hungry.

You visited 1 branch of the dungeon, and saw 6 of its levels.
You also visited: Sewer.

You collected 227 gold pieces.

Inventory:

Hand Weapons
 a - a +0 long sword (weapon)
 j - a cursed -1 falchion
 D - the +9 hunting sling of Julates {venom, MR+ Str+3 Int+10, unknown}
   (You found it on level 5 of the Dungeon)

   It poisons the ammo it fires.
   It affects your strength (+3).
   It affects your intelligence (+10).
   It affects your resistance to hostile enchantments.
Armour
 b - a +0 scale mail (worn)
 c - a +0 shield (worn)
 l - a +1 cloak (worn)
Magical Staves
 B - an uncursed staff of power {unknown}
Jewellery
 g - an uncursed ring of protection from cold
 n - an uncursed ring of stealth
 u - an uncursed amulet of rage
 w - a cursed ring of attention {unknown}
 C - an uncursed amulet of faith {unknown}
 E - an uncursed amulet of guardian spirit {unknown}
Wands
 x - a wand of digging (5)
 z - a wand of random effects (35)
Scrolls
 e - 5 scrolls of teleportation
 i - a scroll of random uselessness {unknown}
 r - 3 scrolls of remove curse
 s - a scroll of noise {unknown}
 t - a scroll of fear
 y - a scroll of amnesia {unknown}
 G - a scroll of enchant armour
Potions
 d - 3 potions of might
 h - a potion of invisibility {unknown}
 k - 4 potions of agility
 m - 3 potions of curing
 o - a potion of berserk rage
 p - a potion of flight
 q - a potion of brilliance {unknown}
 A - a potion of lignification {unknown}
 F - a potion of magic {unknown}
Comestibles
 f - 13 rations
 v - 4 chunks of flesh


   Skills:
 - Level 4.0 Fighting
 + Level 12.2 Long Blades
 - Level 4.0 Armour
 - Level 4.0 Dodging
 - Level 4.0 Shields


You had 7 spell levels left.
You didn't know any spells.
Your spell library contained the following spells:

 Spells                   Type           Power        Failure   Level  Hunger
 Animate Skeleton         Necr           N/A          99%         1    ##.....
 Apportation              Tloc           #.....       99%         1    ##.....
 Confusing Touch          Hex            #.....       99%         1    ##.....
 Freeze                   Ice            #...         99%         1    ##.....
 Summon Small Mammal      Summ           #...         99%         1    ##.....
 Throw Frost              Conj/Ice       #.....       100%        2    ###....
 Ozocubu's Armour         Chrm/Ice       #.......     100%        3    ####...
 Summon Ice Beast         Ice/Summ       #.......     100%        4    #####..
 Throw Icicle             Conj/Ice       #.......     100%        4    #####..


Dungeon Overview and Level Annotations

Branches:
Dungeon (6/15)
 Temple: D:4-7

Altars:
Fedhas
Makhleb
Yredelemnul
The Shining One

Annotations:
D:1 1 runed door


Innate Abilities, Weirdness & Mutations

You reflexively headbutt those who attack you in melee.
You have a pair of horns on your head.


Message History

Moving in this stuff is going to be slow.
A worker ant zombie comes into view.
The worker ant zombie waves its antennae.
The sky beast hits you.
* * * LOW HITPOINT WARNING * * *
The sky beast shocks you.
* * * LOW HITPOINT WARNING * * *
Things that are here:
an uncursed shortbow; 9 arrows; a centaur corpse The worker ant zombie bites you but does no damage.
The sky beast hits you but does no damage.
Unknown command.
You hit the worker ant zombie.
The worker ant zombie is lightly damaged.
The worker ant zombie bites you.
* * * LOW HITPOINT WARNING * * *
The sky beast hits you.
* * * LOW HITPOINT WARNING * * *
The sky beast shocks you.
You die...

#############..####..
##......................#####
#..###########.########...<.####
##.## ##.# ########[.... ...#
#..#####.........#.# ####
#.###....########..# #.##≈.####
#..... ##
#.#####.##Y#########....## #.#
#........@ao.(.((.....#### #..
##.......Z#########.#### # #.#
#...####.## .. # #### #..##...#
#.# ## # #... #.....#.# #.# #.
###.## ####.....# ..# #. #...#
#......#.###.## #. ##.###
##.###........## ##. #####..#
#..#......#......#..###.....##


You could see a sky beast, a worker ant, an orc and a worker ant zombie.

Vanquished Creatures
  Sigmund (D:4)
  Menkaure (D:4)
  Edmund (D:4)
  A phantom (D:4)
  An ice beast (D:5)
  A necrophage (D:5)
  2 ogres (D:4)
  2 centaurs (D:6)
  A big kobold (Sewer)
  A bullfrog (D:6)
  3 hounds
  2 crimson imps
  An orc wizard (D:5)
  An iguana (D:6)
  8 worker ants
  A hound skeleton (D:4)
  Robin (D:4)
  10 adders
  3 river rats (Sewer)
  An ooze (D:5)
  4 worms
  A dart slug (D:3)
  A leopard gecko (D:6)
  11 orcs
  6 ball pythons
  5 giant cockroaches
  11 goblins
  11 hobgoblins
  12 jackals
  4 quokkas
  6 bats
  6 frilled lizards
  22 kobolds
  A quokka skeleton (D:6)
  25 rats
169 creatures vanquished.

Notes
Turn   | Place    | Note
-------+----------+-------------------------------------------
     0 | D:1      | empire the Minotaur Fighter began the quest for the Orb.
     0 | D:1      | Reached XP level 1. HP: 19/19 MP: 0/0
     1 | D:1      | Found a runed door.
   284 | D:1      | Reached XP level 2. HP: 27/27 MP: 1/1
   715 | D:2      | Reached skill level 3 in Long Blades
   812 | D:2      | Found a burning altar of Makhleb.
   814 | D:2      | Reached XP level 3. HP: 33/33 MP: 2/2
  1481 | D:3      | Reached skill level 4 in Long Blades
  1537 | D:3      | Reached XP level 4. HP: 23/40 MP: 3/3
  1731 | D:3      | Found a glowing drain.
  1748 | D:3      | Reached skill level 5 in Long Blades
  1762 | Sewer    | Entered a sewer
  2007 | Sewer    | Reached XP level 5. HP: 28/46 MP: 4/4
  2084 | Sewer    | Reached skill level 6 in Long Blades
  2142 | Sewer    | Reached skill level 7 in Long Blades
  2646 | D:3      | Reached XP level 6. HP: 44/52 MP: 5/5
  2920 | D:4      | Noticed Menkaure
  3059 | D:4      | Killed Menkaure
  3059 | D:4      | Reached skill level 8 in Long Blades
  3507 | D:4      | Reached skill level 9 in Long Blades
  3507 | D:4      | Reached XP level 7. HP: 59/59 MP: 6/6
  3571 | D:4      | Noticed Sigmund
  3582 | D:4      | Killed Sigmund
  3664 | D:4      | Reached skill level 10 in Long Blades
  3846 | D:4      | Found a glowing golden altar of the Shining One.
  3848 | D:4      | Noticed an angel
  3855 | D:4      | Found a basalt altar of Yredelemnul.
  3855 | D:4      | Noticed Edmund
  3857 | D:4      | Noticed a profane servitor
  3868 | D:4      | Killed Edmund
  3868 | D:4      | Reached skill level 1 in Dodging
  3931 | D:4      | Found a blossoming altar of Fedhas.
  3971 | D:4      | Noticed Robin
  3986 | D:4      | Reached XP level 8. HP: 49/66 MP: 7/7
  4013 | D:4      | Killed Robin
  4294 | D:5      | Entered Level 5 of the Dungeon
  4670 | D:5      | Got a fine hunting sling
  4764 | D:5      | Reached skill level 11 in Long Blades
  5285 | D:6      | Reached skill level 12 in Long Blades
  5304 | D:6      | Slain by a sky beast

Skill      XL: |  1  2  3  4  5  6  7  8 |
---------------+-------------------------+-----
Armour         | 4 |  4.0
Shields        | 4 |  4.0
Fighting       | 4 |  4.0
Long Blades    | 3 4 5 7 9 10 12 | 12.2
Dodging        | 1 4 |  4.0

Action                   |  1- 3 |  4- 6 |  7- 9 || total
-------------------------+-------+-------+-------++-------
Melee: Long sword        |    76 |   181 |   208 ||   465
       Headbutt          |    16 |    21 |    37 ||    74
  Use: Scroll            |     5 |     2 |     2 ||     9
       Potion            |       |     5 |       ||     5
  Eat: Chunk             |     1 |     8 |     6 ||    15
Armor: Scale mail        |    59 |   101 |    60 ||   220
Dodge: Dodged            |    44 |    69 |    55 ||   168
Block: Shield            |    58 |   130 |    81 ||   269
       Rpst.: Long sword |     9 |    17 |    14 ||    40
